| TOP OF THE 1ST |
|
University of Georgia Bulldogs batting - Pitching for Oregon State University Beavers : RHP Rimbo Zhu
|
|
Pitching: RHP Rimbo Zhu
|
|
|
Batting: RHB Albert Rodriguez
|
0-0: Called Strike 0-1: SINGLE (Line Drive, 7S, EV 107.5 MPH)
|
|
Batting: LHB Luis Mejia
|
0-0: Ball Albert Rodriguez steals 2nd base 1-0: Called Strike 1-1: Swinging Strike 1-2: Strikes out swinging
|
|
Batting: RHB Rodolfo Solis
|
0-0: Called Strike 0-1: Swinging Strike 0-2: SINGLE (Line Drive, 9S, EV 98.8 MPH) Albert Rodriguez to third
|
|
Batting: LHB Milton Yeo
|
0-0: Called Strike 0-1: Called Strike 0-2: Fielders Choice at 2nd, 6-4 (Groundball, 6M, EV 85.6 MPH) Albert Rodriguez scores
|
|
Batting: LHB Cole Sanchez
|
0-0: Called Strike 0-1: Ball Wild Pitch! Milton Yeo to second 1-1: Foul Ball, location: 2F 1-2: Ball 2-2: Strikes out swinging
|
| Top of the 1st over - 1 run, 2 hits, 0 errors, 1 left on base; University of Georgia 1 - Oregon State University 0 |
| BOTTOM OF THE 1ST |
|
Oregon State University Beavers batting - Pitching for University of Georgia Bulldogs : RHP Norbaer Oomen
|
|
Pitching: RHP Norbaer Oomen
|
|
|
Batting: LHB Sun-wei Kuai
|
0-0: Foul Ball, location: 2F 0-1: Swinging Strike 0-2: Ball 1-2: Ground out 5-3 (Groundball, 56, EV 81.2 MPH)
|
|
Batting: RHB Rafael Ventura
|
0-0: Ball 1-0: Called Strike 1-1: Foul Ball, location: 2F 1-2: Ball 2-2: Foul Ball, location: 2F 2-2: SINGLE (Line Drive, 34, EV 94.4 MPH)
|
|
Batting: RHB Luis Flores
|
0-0: Ball 1-0: Ball 2-0: Fly out, F9 (Flyball, 9, EV 89.4 MPH)
|
|
Batting: LHB Abdul-Hakim Jibril
|
0-0: Fielders Choice at 2nd, 5-4 (Groundball, 5, EV 103.1 MPH)
|
| Bottom of the 1st over - 0 runs, 1 hit, 0 errors, 1 left on base; University of Georgia 1 - Oregon State University 0 |
| TOP OF THE 2ND |
|
University of Georgia Bulldogs batting - Pitching for Oregon State University Beavers : RHP Rimbo Zhu
|
|
Batting: RHB Rich Gold
|
0-0: Ball 1-0: Fly out, F6 (Popup, 6MD, EV 51.9 MPH)
|
|
Batting: RHB Ed Howard
|
0-0: Called Strike 0-1: Swinging Strike 0-2: Foul Ball, location: 2F 0-2: Foul Ball, location: 2F 0-2: Foul Ball, location: 2F 0-2: Foul Ball, location: 2F 0-2: Fly out, F9 (Line Drive, 89M, EV 90.0 MPH)
|
|
Batting: RHB James Warby
|
0-0: Ball 1-0: Foul Ball, location: 2F 1-1: Ground out 6-3 (Groundball, 6, EV 103.8 MPH)
|
| Top of the 2nd over - 0 runs, 0 hits, 0 errors, 0 left on base; University of Georgia 1 - Oregon State University 0 |
| BOTTOM OF THE 2ND |
|
Oregon State University Beavers batting - Pitching for University of Georgia Bulldogs : RHP Norbaer Oomen
|
|
Batting: RHB Oscar Munoz
|
0-0: Ball 1-0: Ball 2-0: Ball 3-0: Base on Balls
|
|
Batting: LHB Jon Hamilton
|
0-0: Ball 1-0: Ball 2-0: Ball 3-0: Called Strike 3-1: Base on Balls Oscar Munoz to second
|
|
Batting: LHB Brock Darby
|
0-0: Foul Ball, location: 2F 0-1: Foul Ball, location: 2F 0-2: Strikes out swinging
|
|
Pitching: RHP Tony Fox
|
|
|
Batting: RHB Israel Soto
|
0-0: Ball 1-0: Ball 2-0: Ball 3-0: Base on Balls Oscar Munoz to third Jon Hamilton to second
|
|
Batting: SHB Sosaia Apelahama
|
0-0: Ball 1-0: Ball 2-0: Called Strike 2-1: Swinging Strike 2-2: Ball 3-2: Strikes out looking
|
|
Batting: LHB Sun-wei Kuai
|
0-0: Ball 1-0: Foul Ball, location: 2F 1-1: Ball 2-1: Foul Ball, location: 2F 2-2: Ball 3-2: Fly out, F7 (Flyball, 7, EV 80.6 MPH)
|
| Bottom of the 2nd over - 0 runs, 0 hits, 0 errors, 3 left on base; University of Georgia 1 - Oregon State University 0 |
| TOP OF THE 3RD |
|
University of Georgia Bulldogs batting - Pitching for Oregon State University Beavers : RHP Rimbo Zhu
|
|
Batting: LHB Edwin Zavala
|
0-0: Foul Ball, location: 2F 0-1: Ball 1-1: Called Strike 1-2: Strikes out swinging
|
|
Batting: RHB Albert Rodriguez
|
0-0: Ball 1-0: TRIPLE (Flyball, 78XD, EV 101.9 MPH)
|
|
Batting: LHB Luis Mejia
|
0-0: Called Strike 0-1: Ball 1-1: Ball 2-1: Swinging Strike 2-2: Ball 3-2: Strikes out swinging
|
|
Batting: RHB Rodolfo Solis
|
0-0: Fly out, F4 (Line Drive, 34, EV 63.8 MPH)
|
| Top of the 3rd over - 0 runs, 1 hit, 0 errors, 1 left on base; University of Georgia 1 - Oregon State University 0 |
| BOTTOM OF THE 3RD |
|
Oregon State University Beavers batting - Pitching for University of Georgia Bulldogs : RHP Tony Fox
|
|
Batting: RHB Rafael Ventura
|
0-0: Foul Ball, location: 2F 0-1: Ball 1-1: Called Strike 1-2: Ball 2-2: Strikes out swinging
|
|
Batting: RHB Luis Flores
|
0-0: Called Strike 0-1: Ball 1-1: Swinging Strike 1-2: Foul Ball, location: 2F 1-2: Strikes out swinging
|
|
Batting: LHB Abdul-Hakim Jibril
|
0-0: Called Strike 0-1: Swinging Strike 0-2: Ball 1-2: Strikes out swinging
|
| Bottom of the 3rd over - 0 runs, 0 hits, 0 errors, 0 left on base; University of Georgia 1 - Oregon State University 0 |
| TOP OF THE 4TH |
|
University of Georgia Bulldogs batting - Pitching for Oregon State University Beavers : RHP Rimbo Zhu
|
|
Batting: LHB Milton Yeo
|
0-0: Ball 1-0: Called Strike 1-1: Ball 2-1: SINGLE (Flyball, 5D, EV 85.6 MPH)
|
|
Batting: LHB Cole Sanchez
|
0-0: Ball 1-0: Swinging Strike 1-1: Called Strike Milton Yeo is caught stealing 2nd base 2-6 1-2: Foul Ball, location: 2F 1-2: Ball 2-2: Foul Ball, location: 2F 2-2: Strikes out looking
|
|
Batting: RHB Rich Gold
|
0-0: Ball 1-0: Foul Ball, location: 2F 1-1: Ball 2-1: Reached on error, E6 (Groundball, 6S, EV 88.8 MPH)
|
|
Batting: RHB Ed Howard
|
0-0: Ball 1-0: Ball 2-0: Called Strike 2-1: Fly out, F8 (Flyball, 8RM, EV 89.4 MPH)
|
| Top of the 4th over - 0 runs, 1 hit, 1 error, 1 left on base; University of Georgia 1 - Oregon State University 0 |
| BOTTOM OF THE 4TH |
|
Oregon State University Beavers batting - Pitching for University of Georgia Bulldogs : RHP Tony Fox
|
|
Batting: RHB Oscar Munoz
|
0-0: Called Strike 0-1: Ball 1-1: Fly out, F8 (Flyball, 78XD, EV 78.8 MPH)
|
|
Batting: LHB Jon Hamilton
|
0-0: Called Strike 0-1: Ball 1-1: SINGLE (Groundball, 34D, EV 97.5 MPH)
|
|
Batting: LHB Brock Darby
|
0-0: Called Strike 0-1: Ball 1-1: Ball 2-1: Foul Ball, location: 2F 2-2: Ball 3-2: Fly out, F8 (Flyball, 8RXD, EV 91.9 MPH)
|
|
Pitching: RHP Li-zhu Liu
|
|
|
Batting: RHB Israel Soto
|
0-0: Ball 1-0: Called Strike Jon Hamilton is caught stealing 2nd base 2-4
|
| Bottom of the 4th over - 0 runs, 1 hit, 0 errors, 0 left on base; University of Georgia 1 - Oregon State University 0 |
| TOP OF THE 5TH |
|
University of Georgia Bulldogs batting - Pitching for Oregon State University Beavers : RHP Rimbo Zhu
|
|
Batting: RHB James Warby
|
0-0: Called Strike 0-1: Called Strike 0-2: Ball 1-2: Strikes out swinging
|
|
Batting: LHB Edwin Zavala
|
0-0: Ball 1-0: Foul Ball, location: 2F 1-1: Ball 2-1: Foul Ball, location: 2F 2-2: Hit by Pitch
|
|
Batting: RHB Albert Rodriguez
|
0-0: Called Strike 0-1: Ball 1-1: Foul Ball, location: 2F 1-2: Foul Ball, location: 2F 1-2: Ball 2-2: Reached on error, E5 (Groundball, P, EV 91.9 MPH) Edwin Zavala to third
|
|
Pitching: RHP Rob Carson
|
|
|
Batting: LHB Luis Mejia
|
0-0: Called Strike 0-1: Ball 1-1: Called Strike 1-2: Fly out, F5 (Popup, 25F, EV 81.2 MPH)
|
|
Batting: RHB Rodolfo Solis
|
0-0: Foul Ball, location: 2F 0-1: Called Strike 0-2: Fly out, F6 (Popup, 6M, EV 73.8 MPH)
|
| Top of the 5th over - 0 runs, 0 hits, 1 error, 2 left on base; University of Georgia 1 - Oregon State University 0 |
| BOTTOM OF THE 5TH |
|
Oregon State University Beavers batting - Pitching for University of Georgia Bulldogs : RHP Li-zhu Liu
|
|
Batting: RHB Israel Soto
|
0-0: Called Strike 0-1: Swinging Strike 0-2: Ball 1-2: Ball 2-2: Strikes out swinging
|
|
Batting: SHB Sosaia Apelahama
|
0-0: Called Strike 0-1: Ball 1-1: Hit by Pitch
|
|
Pinch Runner at 1st Eric Robertson:
|
|
|
Batting: LHB Sun-wei Kuai
|
0-0: Ball Eric Robertson steals 2nd, throwing error, E2 Eric Robertson to third 1-0: Ball 2-0: Ball 3-0: Called Strike 3-1: Ground out 1-3 (Groundball, 15S, EV 63.8 MPH)
|
|
Batting: RHB Rafael Ventura
|
0-0: Foul Ball, location: 2F 0-1: Foul Ball, location: 2F 0-2: Strikes out looking
|
| Bottom of the 5th over - 0 runs, 0 hits, 1 error, 1 left on base; University of Georgia 1 - Oregon State University 0 |
| TOP OF THE 6TH |
|
University of Georgia Bulldogs batting - Pitching for Oregon State University Beavers : RHP Rob Carson
|
|
Now at SS: Eric Robertson
|
|
|
Batting: LHB Milton Yeo
|
0-0: Ball 1-0: Called Strike 1-1: Called Strike 1-2: SINGLE (Line Drive, 56D, EV 94.4 MPH)
|
|
Batting: LHB Cole Sanchez
|
0-0: Called Strike 0-1: Ball 1-1: Called Strike 1-2: Strikes out swinging
|
|
Batting: RHB Rich Gold
|
0-0: Called Strike 0-1: SINGLE (Groundball, 6S, EV 98.1 MPH) Milton Yeo to second
|
|
Batting: RHB Ed Howard
|
0-0: Called Strike 0-1: Ball 1-1: Ball 2-1: Swinging Strike 2-2: Grounds into double play, 5-4-3 (Groundball, 56S, EV 80.6 MPH)
|
| Top of the 6th over - 0 runs, 2 hits, 0 errors, 1 left on base; University of Georgia 1 - Oregon State University 0 |
| BOTTOM OF THE 6TH |
|
Oregon State University Beavers batting - Pitching for University of Georgia Bulldogs : RHP Li-zhu Liu
|
|
Batting: RHB Luis Flores
|
0-0: Called Strike 0-1: Ball 1-1: Foul Ball, location: 2F 1-2: Ground out 1-3 (Groundball, P, EV 70.6 MPH)
|
|
Batting: LHB Abdul-Hakim Jibril
|
0-0: Foul Ball, location: 2F 0-1: Called Strike 0-2: Ball 1-2: Foul Ball, location: 2F 1-2: Strikes out swinging
|
|
Batting: RHB Oscar Munoz
|
0-0: Foul Ball, location: 2F 0-1: Ball 1-1: Foul Ball, location: 2F 1-2: Fly out, F3 (Line Drive, 3L, EV 75.0 MPH)
|
| Bottom of the 6th over - 0 runs, 0 hits, 0 errors, 0 left on base; University of Georgia 1 - Oregon State University 0 |
| TOP OF THE 7TH |
|
University of Georgia Bulldogs batting - Pitching for Oregon State University Beavers : RHP Rob Carson
|
|
Batting: RHB James Warby
|
0-0: Ball 1-0: Ball 2-0: Ball 3-0: Called Strike 3-1: Base on Balls
|
|
Batting: LHB Edwin Zavala
|
0-0: Bunt missed! 0-1: Bunt missed! 0-2: Ball 1-2: Strikes out swinging
|
|
Pinch Hitting: LHB Sloan Rayner
|
0-0: Ball 1-0: Ball 2-0: Foul Ball, location: 2F 2-1: Called Strike 2-2: Foul Ball, location: 2F 2-2: Strikes out swinging
|
|
Batting: LHB Luis Mejia
|
0-0: Called Strike 0-1: Swinging Strike 0-2: Strikes out swinging
|
| Top of the 7th over - 0 runs, 0 hits, 0 errors, 1 left on base; University of Georgia 1 - Oregon State University 0 |
| BOTTOM OF THE 7TH |
|
Oregon State University Beavers batting - Pitching for University of Georgia Bulldogs : RHP Li-zhu Liu
|
|
Pitching: LHP Andres Caceres
|
|
|
Now at 2B: Justin Szymczyk
|
|
|
Batting: LHB Jon Hamilton
|
0-0: Ball 1-0: Foul Ball, location: 2F 1-1: Called Strike 1-2: Ball 2-2: Ball 3-2: Foul Ball, location: 2F 3-2: Foul Ball, location: 2F 3-2: SINGLE (Groundball, 4S, EV 66.9 MPH) (infield hit)
|
|
Batting: LHB Brock Darby
|
0-0: Bunt - Flyout to 3S! F3
|
|
Batting: RHB Israel Soto
|
0-0: Ball 1-0: Called Strike 1-1: Ball 2-1: Ball 3-1: Foul Ball, location: 2F 3-2: Grounds into double play, 1-6-3 (Groundball, 13, EV 70.6 MPH)
|
| Bottom of the 7th over - 0 runs, 1 hit, 0 errors, 0 left on base; University of Georgia 1 - Oregon State University 0 |
| TOP OF THE 8TH |
|
University of Georgia Bulldogs batting - Pitching for Oregon State University Beavers : RHP Rob Carson
|
|
Pitching: LHP Fraser Braddock
|
|
|
Batting: RHB Rodolfo Solis
|
0-0: Foul Ball, location: 2F 0-1: Ball 1-1: Ball 2-1: Foul Ball, location: 2F 2-2: Strikes out looking
|
|
Batting: LHB Milton Yeo
|
0-0: Ball 1-0: Ball 2-0: Fly out, F7 (Flyball, 7, EV 95.6 MPH)
|
|
Batting: LHB Cole Sanchez
|
0-0: Ball 1-0: Called Strike 1-1: Ball 2-1: Foul Ball, location: 2F 2-2: Strikes out swinging
|
| Top of the 8th over - 0 runs, 0 hits, 0 errors, 0 left on base; University of Georgia 1 - Oregon State University 0 |
| BOTTOM OF THE 8TH |
|
Oregon State University Beavers batting - Pitching for University of Georgia Bulldogs : LHP Andres Caceres
|
|
Pitching: RHP Pacu Panic
|
|
|
Batting: SHB Eric Robertson
|
0-0: Called Strike 0-1: Ball 1-1: Ground out 4-3 (Groundball, 34S, EV 87.5 MPH)
|
|
Batting: LHB Sun-wei Kuai
|
0-0: Ball 1-0: Ball 2-0: Ball 3-0: Base on Balls
|
|
Batting: RHB Rafael Ventura
|
0-0: Ball 1-0: Ball 2-0: Foul Ball, location: 2F 2-1: Called Strike 2-2: Foul Ball, location: 2F 2-2: Ball 3-2: SINGLE (Popup, 56D, EV 52.5 MPH) Sun-wei Kuai to second
|
|
Pitching: LHP Aloiki Orana
|
|
|
Batting: RHB Luis Flores
|
0-0: Foul Ball, location: 2F 0-1: Swinging Strike 0-2: Strikes out swinging
|
|
Batting: LHB Abdul-Hakim Jibril
|
0-0: Fly out, F8 (Flyball, 78D, EV 95.6 MPH)
|
| Bottom of the 8th over - 0 runs, 1 hit, 0 errors, 2 left on base; University of Georgia 1 - Oregon State University 0 |
| TOP OF THE 9TH |
|
University of Georgia Bulldogs batting - Pitching for Oregon State University Beavers : LHP Fraser Braddock
|
|
Batting: RHB Rich Gold
|
0-0: Ball 1-0: Called Strike 1-1: Called Strike 1-2: Ball 2-2: Strikes out swinging
|
|
Batting: RHB Ed Howard
|
0-0: Called Strike 0-1: Ball 1-1: Swinging Strike 1-2: Strikes out swinging
|
|
Batting: RHB James Warby
|
0-0: Called Strike 0-1: Foul Ball, location: 2F 0-2: Ball 1-2: Ball 2-2: Strikes out looking
|
| Top of the 9th over - 0 runs, 0 hits, 0 errors, 0 left on base; University of Georgia 1 - Oregon State University 0 |
| BOTTOM OF THE 9TH |
|
Oregon State University Beavers batting - Pitching for University of Georgia Bulldogs : LHP Aloiki Orana
|
|
Batting: RHB Oscar Munoz
|
0-0: Ball 1-0: Called Strike 1-1: Foul Ball, location: 2F 1-2: Ground out U3 (Groundball, 3S, EV 81.9 MPH)
|
|
Batting: LHB Jon Hamilton
|
0-0: Called Strike 0-1: Called Strike 0-2: Strikes out swinging
|
|
Pinch Hitting: LHB Jason Trevarrow
|
0-0: Ball 1-0: Ball 2-0: Called Strike 2-1: Ball 3-1: Base on Balls
|
|
Batting: RHB Israel Soto
|
0-0: Called Strike 0-1: Called Strike 0-2: Ball 1-2: Strikes out swinging
|
| Bottom of the 9th over - 0 runs, 0 hits, 0 errors, 1 left on base; University of Georgia 1 - Oregon State University 0 |
|